 Dungeon Crawl Stone Soup version 0.26-a0-969-g2c58977ddd (webtiles) character file.

Game seed: 5473844563308723838

19068 Gargoyl the Fighter (level 12, -2/97 HPs)
             Began as a Gnoll Abyssal Knight on Dec 3, 2020.
             Was a High Priest of Lugonu.
             Slain by a sixfirhy (12 damage)
             ... summoned by a kobold demonologist
             ... on level 13 of the Dungeon on Dec 4, 2020.
             The game lasted 00:26:56 (14344 turns).

Gargoyl the Fighter (Gnoll Abyssal Knight)         Turns: 14344, Time: 00:26:57

Health: -2/97      AC: 21    Str: 20    XL:     12   Next: 65%
Magic:  0/7        EV: 15    Int: 14    God:    Lugonu [*****.]
Gold:   570        SH: 11    Dex: 17    Spells: 26/26 levels left

rFire    . . .     SeeInvis .   P - +2 hand axe (antimagic)
rCold    . . .     Faith    .   t - +0 kite shield
rNeg     . . .     Spirit   +   x - +1 chain mail "Naphouxy" {Dex+2}
rPois    .         Reflect  .   i - +0 helmet
rElec    .         Harm     .   s - +2 cloak
rCorr    .         Rampage  .   D - +2 pair of gloves
MR       .....                  y - +0 pair of boots
Stlth    +.........             k - amulet of guardian spirit
HPRegen  0.26/turn              M - +4 ring of evasion
MPRegen  0.10/turn              (no ring)

@: no status effects
A: distributed training, fangs 1, strong nose
a: Depart the Abyss, Bend Space, Banish, Corrupt, Enter the Abyss, Renounce
Religion


You were on level 13 of the Dungeon.
You worshipped Lugonu.
Lugonu was extremely pleased with you.
You visited 1 branch of the dungeon, and saw 13 of its levels.
You visited the Abyss 1 time.
You also visited: Ossuary.

You collected 822 gold pieces.
You spent 252 gold pieces at shops.

Inventory:

Hand Weapons
 a - a +1 hand axe of draining
 d - the +2 hand crossbow "Hame" {elec, rPois rN+ Str+4 Dex-4}
   (You found it on level 2 of the Abyss)

   It charges the ammunition it shoots with electricity; occasionally upon a
   hit, such missiles may discharge and cause terrible harm.
   It affects your strength (+4).
   It affects your dexterity (-4).
   It protects you from poison.
   It protects you from negative energy.
 P - a +2 antimagic hand axe (weapon)
Missiles
 f - 30 bolts
Armour
 i - a +0 helmet (worn)
 s - a +2 cloak (worn)
 t - a +0 kite shield (worn)
 x - the +1 chain mail "Naphouxy" (worn) {Dex+2}
   (You bought it in a shop on level 4 of the Dungeon)

   It affects your dexterity (+2).
 y - a +0 pair of boots (worn)
 D - a +2 pair of gloves (worn)
Jewellery
 k - an amulet of guardian spirit (around neck)
 M - a +4 ring of evasion (left hand)
 O - a cursed amulet of inaccuracy {unknown}
Wands
 l - a wand of random effects (30)
 C - a wand of polymorph (8)
 G - a wand of disintegration (6)
 I - a wand of flame (73)
 J - a wand of acid (3)
 K - a wand of enslavement (11)
Scrolls
 e - 11 scrolls of teleportation
 h - 2 scrolls of fear
 n - 9 scrolls of remove curse
 o - 3 scrolls of magic mapping
 q - 6 scrolls of fog
 r - 10 scrolls of identify
 u - 3 scrolls of blinking
 w - 2 scrolls of immolation
 H - a scroll of brand weapon
 L - 2 scrolls of enchant armour
 N - a scroll of acquirement {unknown}
Potions
 b - 6 potions of curing
 c - 8 potions of brilliance
 g - 2 potions of haste {unknown}
 j - 2 potions of lignification {unknown}
 m - 3 potions of invisibility
 p - 5 potions of cancellation {unknown}
 v - a potion of berserk rage {unknown}
 z - 3 potions of flight {unknown}
 A - a potion of heal wounds
 B - a potion of might {unknown}
 E - a potion of degeneration {unknown}
 F - a potion of attraction {unknown}


   Skills:
 + Level 10.0 Fighting
 + Level 7.5 Short Blades
 + Level 7.5 Long Blades
 + Level 8.9 Axes
 + Level 7.5 Maces & Flails
 + Level 7.5 Polearms
 + Level 7.5 Staves
 + Level 7.5 Slings
 + Level 7.5 Bows
 + Level 7.5 Crossbows
 + Level 7.5 Throwing
 + Level 8.9 Armour
 + Level 8.0 Dodging
 + Level 7.5 Stealth
 + Level 7.5 Shields
 + Level 7.5 Unarmed Combat
 + Level 7.5 Spellcasting
 + Level 6.2 Conjurations
 + Level 6.2 Hexes
 + Level 6.2 Summonings
 + Level 6.2 Necromancy
 + Level 6.2 Translocations
 + Level 6.2 Transmutations
 + Level 6.2 Fire Magic
 + Level 6.2 Ice Magic
 + Level 6.2 Air Magic
 + Level 6.2 Earth Magic
 + Level 6.2 Poison Magic
 + Level 9.4 Invocations
 + Level 7.5 Evocations


You had 26 spell levels left.
You didn't know any spells.
Your spell library contained the following spells:

 Spells                   Type           Power        Failure   Level
 Corona                   Hex            ###....      21%         1
 Slow                     Hex            ###.....     30%         2
 Inner Flame              Hex/Fire       ###.....     52%         3
 Portal Projectile        Hex/Tloc       ###...       52%         3
 Cause Fear               Hex            ###.......   90%         4
 Leda's Liquefaction      Hex/Erth       ###.......   90%         4


Dungeon Overview and Level Annotations

Branches:
Dungeon (13/15)            Temple (0/1) D:7            Lair (0/6) D:10
    Orc (0/2) D:12        Ossuary (visited)
 Vaults: D:13-14

Altars:
Ashenzari
Dithmenos
Elyvilon
Nemelex Xobeh
Qazlal
Ru
Trog
Beogh
Lugonu

Shops:
D:4 [*([   D:6 *   D:8 ?

Annotations:
Abyss:1 Nergalle


Innate Abilities, Weirdness & Mutations

Your experience applies equally to all skills.
You have very sharp teeth.
Your uncanny sense of smell can sniff out nearby items.


Message History

The sixfirhy hits you but does no damage.
The sixfirhy hits you.
* * * LOW HITPOINT WARNING * * *
The sixfirhy shocks you!
* * * LOW HITPOINT WARNING * * *
You block the ufetubus's attack. x2
Unknown command.
You feel better. The ufetubus misses you. x2
You feel better.
The ufetubus hits you but does no damage.
You block the ufetubus's attack. The sixfirhy hits you!
* * * LOW HITPOINT WARNING * * *
The sixfirhy shocks you!
* * * LOW HITPOINT WARNING * * *
You block the ufetubus's attack. The ufetubus misses you.
You feel better. The sixfirhy barely misses you.
You block the sixfirhy's attack. The sixfirhy hits you.
* * * LOW HITPOINT WARNING * * *
The sixfirhy shocks you!
You die...

##+#....##.#.##
...+....'.....#..
##.#....##.#.##.# #
#....##5#.##.#
##########Z#4##.# #
........ .55.ยง..#
.# ########
#o#..#.##.###..
####
#.#.4#3........
...#
#.....#.3K5@.......
...#
#.....##.####.#####
...# #.....##.# #
...# #.....##.#
...# #.....##..
...# #....^####
...###.....#
...........#######
####.###.#........


You could see a hellwing (summoned), a kobold demonologist, a sixfirhy
(summoned), a ynoxinul (summoned) and an ufetubus (summoned).

Vanquished Creatures
  Harold (D:7)
  A hydra (D:12)
  A centaur warrior (D:9)
  A two-headed ogre (D:12)
  An unseen horror (D:10)
  Pikel (D:5)
  2 ugly things
  2 manticores
  Maggie (D:7)
  A komodo dragon (D:10)
  3 kobold demonologists
  A troll (D:13)
  2 slime creatures (D:12)
  A vampire (D:13)
  A basilisk (D:10)
  3 wyverns (D:10)
  Grum (D:8)
  13 yaks
  A steam dragon (D:9)
  An acid dragon (D:10)
  16 orc warriors
  Duvessa (D:6)
  A hornet zombie (D:7)
  An ice beast (D:10)
  A sky beast (D:13)
  3 black bears
  A necrophage (D:12)
  6 ogres
  4 phantoms
  3 wolves (D:8)
  2 centaurs
  A lemure (D:6)
  7 elf zombies (Ossuary)
  A big kobold (D:7)
  9 bullfrogs
  A water moccasin zombie (D:9)
  Dowan (D:6)
  A wyvern skeleton (D:8)
  A water moccasin skeleton (D:9)
  A scorpion (D:11)
  25 wights
  3 howler monkeys
  3 bullfrog zombies
  8 hounds
  3 human zombies (Ossuary)
  A jelly (D:6)
  3 centaur skeletons
  4 centaur zombies
  8 orc priests
  11 orc wizards
  A gnoll shaman (D:8)
  4 iguanas
  A bullfrog skeleton (D:7)
  13 worker ants
  A killer bee zombie (D:7)
  3 mummies (Ossuary)
  9 adders
  8 gnolls
  A shadow imp (D:5)
  A white imp (D:8)
  2 ufetubi
  3 oozes
  An adder zombie (D:6)
  4 worms (D:2)
  3 dart slugs
  2 leopard geckos
  41 orcs
  10 bats
  8 giant cockroaches
  5 goblins
  3 hobgoblins
  7 jackals
  5 kobolds
  2 quokkas
  A ball python (D:2)
  5 frilled lizards
  A giant cockroach zombie (D:5)
  A jackal skeleton (D:4)
  A jackal zombie (D:6)
  A quokka skeleton (D:6)
  14 rats
332 creatures vanquished.

Vanquished Creatures (others)
  8 demonic plants (D:12)
  6 plants
14 creatures vanquished.

Grand Total: 346 creatures vanquished

Notes
Turn   | Place    | Note
-------+----------+-------------------------------------------
     0 | Abyss:1  | Gargoyl the Gnoll Abyssal Knight began the quest for the
                  | Orb.
     0 | Abyss:1  | Reached XP level 1. HP: 23/23 MP: 3/3
    35 | Abyss:2  | Found a corrupted altar of Lugonu.
    36 | Abyss:2  | Got a bloodstained hand crossbow
    84 | Abyss:3  | Noticed a guardian serpent
    85 | D:1      | Escaped the Abyss
   185 | D:1      | Identified the +2 hand crossbow "Hame" {elec, rPois rN+
                  | Str+4 Dex-4} (You found it on level 2 of the Abyss)
   219 | D:1      | Reached XP level 2. HP: 29/29 MP: 5/5
   221 | D:1      | Reached * piety under Lugonu
   499 | D:1      | Reached XP level 3. HP: 29/35 MP: 6/6
  1067 | D:2      | Reached skill level 1 in Short Blades
  1067 | D:2      | Reached skill level 1 in Long Blades
  1067 | D:2      | Reached skill level 1 in Maces & Flails
  1067 | D:2      | Reached skill level 1 in Polearms
  1067 | D:2      | Reached skill level 1 in Staves
  1067 | D:2      | Reached skill level 1 in Slings
  1067 | D:2      | Reached skill level 1 in Bows
  1067 | D:2      | Reached skill level 1 in Crossbows
  1067 | D:2      | Reached skill level 1 in Throwing
  1067 | D:2      | Reached skill level 1 in Stealth
  1067 | D:2      | Reached skill level 1 in Shields
  1067 | D:2      | Reached skill level 1 in Unarmed Combat
  1067 | D:2      | Reached skill level 1 in Spellcasting
  1067 | D:2      | Reached skill level 1 in Evocations
  1376 | D:2      | Reached XP level 4. HP: 34/41 MP: 7/7
  1672 | D:2      | Found a sacrificial altar of Ru.
  1740 | D:2      | Noticed a moth of wrath
  1743 | D:2      | Found a bloodstained altar of Trog.
  1942 | D:2      | Reached ** piety under Lugonu
  2144 | D:3      | Reached skill level 1 in Conjurations
  2144 | D:3      | Reached skill level 1 in Hexes
  2144 | D:3      | Reached skill level 1 in Summonings
  2144 | D:3      | Reached skill level 1 in Necromancy
  2144 | D:3      | Reached skill level 1 in Translocations
  2144 | D:3      | Reached skill level 1 in Transmutations
  2144 | D:3      | Reached skill level 1 in Fire Magic
  2144 | D:3      | Reached skill level 1 in Ice Magic
  2144 | D:3      | Reached skill level 1 in Air Magic
  2144 | D:3      | Reached skill level 1 in Earth Magic
  2144 | D:3      | Reached skill level 1 in Poison Magic
  2374 | D:3      | Found a faded altar of an unknown god.
  2456 | D:3      | Found a stormy altar of Qazlal.
  2485 | D:3      | Reached XP level 5. HP: 47/47 MP: 8/8
  2928 | D:4      | Reached skill level 5 in Invocations
  2928 | D:4      | Found Etyor's Armour Boutique.
  2954 | D:4      | Reached XP level 6. HP: 53/53 MP: 9/9
  2978 | D:4      | Found Acuell's Antique Armour Boutique.
  2984 | D:4      | Bought a distressingly furry chain mail for 171 gold pieces
  2994 | D:4      | Identified the cursed +1 chain mail "Naphouxy" {Dex+2} (You
                  | bought it in a shop on level 4 of the Dungeon)
  3017 | D:4      | Found Kikuwn's Weapon Shop.
  3186 | D:4      | Found Jaipn's General Store.
  3189 | D:4      | Bought a scroll of teleportation for 42 gold pieces
  3275 | D:5      | Entered Level 5 of the Dungeon
  3285 | D:5      | Reached skill level 5 in Axes
  3285 | D:5      | Reached skill level 5 in Armour
  3366 | D:5      | Upgraded the game from 0.26-a0-966-gd078a86f14 to
                  | 0.26-a0-969-g2c58977ddd
  3554 | D:5      | Reached skill level 7 in Fighting
  3554 | D:5      | Reached XP level 7. HP: 60/60 MP: 10/10
  4249 | D:6      | Noticed Duvessa
  4249 | D:6      | Noticed Dowan
  4252 | D:6      | Killed Duvessa
  4257 | D:6      | Killed Dowan
  4258 | D:6      | Reached XP level 8. HP: 67/67 MP: 12/12
  4273 | D:6      | Reached *** piety under Lugonu
  4323 | D:6      | Found Joarch's General Store.
  4335 | D:6      | Bought a scroll of teleportation for 39 gold pieces
  4603 | D:6      | Found a white marble altar of Elyvilon.
  4940 | D:7      | Found a sand-covered staircase.
  4946 | Ossuary  | Entered an ossuary
  5007 | Ossuary  | Reached XP level 9. HP: 71/73 MP: 14/14
  5219 | Ossuary  | Reached **** piety under Lugonu
  5268 | Ossuary  | Reached skill level 5 in Dodging
  5403 | D:7      | Noticed Maggie
  5407 | D:7      | Killed Maggie
  5408 | D:7      | Reached skill level 8 in Fighting
  5497 | D:7      | Found a staircase to the Ecumenical Temple.
  5674 | D:7      | Noticed Harold
  5674 | D:7      | Noticed Pikel
  5947 | D:5      | Killed Pikel
  5948 | D:5      | Reached XP level 10. HP: 57/80 MP: 14/17
  6096 | D:7      | Killed Harold
  6097 | D:7      | Reached skill level 5 in Short Blades
  6097 | D:7      | Reached skill level 5 in Long Blades
  6097 | D:7      | Reached skill level 5 in Maces & Flails
  6097 | D:7      | Reached skill level 5 in Polearms
  6097 | D:7      | Reached skill level 5 in Staves
  6097 | D:7      | Reached skill level 5 in Slings
  6097 | D:7      | Reached skill level 5 in Bows
  6097 | D:7      | Reached skill level 5 in Crossbows
  6097 | D:7      | Reached skill level 5 in Throwing
  6097 | D:7      | Reached skill level 5 in Stealth
  6097 | D:7      | Reached skill level 5 in Shields
  6097 | D:7      | Reached skill level 5 in Unarmed Combat
  6097 | D:7      | Reached skill level 5 in Spellcasting
  6097 | D:7      | Reached skill level 5 in Evocations
  6823 | D:8      | Found a shadowy altar of Dithmenos.
  6957 | D:8      | Found a broken altar of Ashenzari.
  7133 | D:8      | Noticed Grum
  7145 | D:8      | Killed Grum
  7171 | D:8      | Found a sparkling altar of Nemelex Xobeh.
  7402 | D:8      | Found Avatz's Magic Scroll Boutique.
  7957 | D:9      | Reached ***** piety under Lugonu
  8467 | D:9      | Reached XP level 11. HP: 86/87 MP: 17/19
  8559 | D:9      | Reached skill level 9 in Fighting
  8681 | D:9      | Reached skill level 5 in Conjurations
  8681 | D:9      | Reached skill level 5 in Hexes
  8681 | D:9      | Reached skill level 5 in Summonings
  8681 | D:9      | Reached skill level 5 in Necromancy
  8681 | D:9      | Reached skill level 5 in Translocations
  8681 | D:9      | Reached skill level 5 in Transmutations
  8681 | D:9      | Reached skill level 5 in Fire Magic
  8681 | D:9      | Reached skill level 5 in Ice Magic
  8681 | D:9      | Reached skill level 5 in Air Magic
  8681 | D:9      | Reached skill level 5 in Earth Magic
  8681 | D:9      | Reached skill level 5 in Poison Magic
  8695 | D:9      | Noticed a centaur warrior
  8715 | D:9      | Killed a centaur warrior
  8739 | D:9      | Noticed a cyan ugly thing
  8756 | D:9      | Killed a cyan ugly thing
  9547 | D:10     | Entered Level 10 of the Dungeon
  9617 | D:10     | Killed an unseen horror
 10214 | D:10     | Noticed Nergalle
 10264 | D:10     | Banished Nergalle
 10577 | D:10     | Found a staircase to the Lair.
 10925 | D:11     | Noticed a manticore
 10957 | D:11     | Killed a manticore
 12079 | D:11     | Reached XP level 12. HP: 94/96 MP: 22/22
 12305 | D:12     | Noticed a five-headed hydra
 12322 | D:12     | Killed a five-headed hydra
 12417 | D:12     | Found a roughly hewn altar of Beogh.
 12417 | D:12     | Found a staircase to the Orcish Mines.
 13240 | D:12     | Noticed a two-headed ogre
 13261 | D:12     | Killed a two-headed ogre
 13453 | D:12     | Found a corrupted altar of Lugonu.
 14155 | D:13     | Reached skill level 10 in Fighting
 14344 | D:13     | Slain by a sixfirhy

Illustrated notes

Levels and vault maps discovered:
D:1:      dpeg_arrival_windows_large_door, layout_loops_ring
D:2:      minmay_chambers_of_ones, layout_loops_cross, nicolae_ru_path_of_blood,
          tgw_trog
D:3:      layout_loops_ring, lemuel_doored_altar,
          chequers_ecumenical_altar_simple_redux
D:4:      layout_rooms, serial_shops, shop, nicolae_shop_statue_plus,
          kennysheep_mini_moat, shop_statue
D:5:      layout_basic, kennysheep_generic_room_16
D:6:      layout_rooms, elyvilon_altar_3, serial_glass, glass_columns_a,
          glass_columns_b, glass_columns_b, glass_columns_a, serial_shops, shop,
          uniq_duvessa
D:7:      layout_cave_pools, minmay_temple_entry_crystal_x,
          nicolae_ossuary_entry_plus, kennysheep_generic_room_15, uniq_pikel,
          uniq_maggie, uniq_harold
D:8:      layout_loops_ring, old_standard_altar,
          nemelex_xobeh_ov_fountains_minmay, serial_glass, glass_columns_c,
          glass_columns_b, glass_columns_c, glass_columns_b, serial_shops,
          kennysheep_mini, nicolae_dithmenos_the_darkroom, uniq_grum
D:9:      layout_grid_maze
D:10:     layout_cave_pools, erik_lair_dragon, uniq_nergalle
D:11:     layout_loops_ring
D:12:     kennysheep_kobold_lugonu_temple, layout_basic, david_orc_5
D:13:     layout_basic, wad_dig_loot

Skill      XL: |  1  2  3  4  5  6  7  8  9 10 11 12 |
---------------+-------------------------------------+-----
Short Blades   | 1 2 3 4 5 6 7 |  7.5
Long Blades    | 1 2 3 4 5 6 7 |  7.5
Maces & Flails | 1 2 3 4 5 6 7 |  7.5
Polearms       | 1 2 3 4 5 6 7 |  7.5
Staves         | 1 2 3 4 5 6 7 |  7.5
Slings         | 1 2 3 4 5 6 7 |  7.5
Bows           | 1 2 3 4 5 6 7 |  7.5
Crossbows      | 1 2 3 4 5 6 7 |  7.5
Throwing       | 1 2 3 4 5 6 7 |  7.5
Stealth        | 1 2 3 4 5 6 7 |  7.5
Shields        | 1 2 3 4 5 6 7 |  7.5
Unarmed Combat | 1 2 3 4 5 6 7 |  7.5
Spellcasting   | 1 2 3 4 5 6 7 |  7.5
Evocations     | 1 2 3 4 5 6 7 |  7.5
Conjurations   | 1 2 3 4 5 6 |  6.2
Hexes          | 1 2 3 4 5 6 |  6.2
Summonings     | 1 2 3 4 5 6 |  6.2
Necromancy     | 1 2 3 4 5 6 |  6.2
Translocations | 1 2 3 4 5 6 |  6.2
Transmutations | 1 2 3 4 5 6 |  6.2
Fire Magic     | 1 2 3 4 5 6 |  6.2
Ice Magic      | 1 2 3 4 5 6 |  6.2
Air Magic      | 1 2 3 4 5 6 |  6.2
Earth Magic    | 1 2 3 4 5 6 |  6.2
Poison Magic   | 1 2 3 4 5 6 |  6.2
Dodging        | 3 4 5 6 7 8 |  8.0
Invocations    | 5 6 7 8 9 |  9.4
Axes           | 5 6 7 8 |  8.9
Armour         | 5 6 7 8 |  8.9
Fighting       | 7 8 9 10 | 10.0

Action                   |  1- 3 |  4- 6 |  7- 9 | 10-12 || total
-------------------------+-------+-------+-------+-------++-------
Melee: Hand axe          |    33 |    31 |   262 |   709 ||  1035
       Bite              |     2 |     5 |    30 |    95 ||   132
       Hand crossbow     |     1 |       |       |     1 ||     2
       Punch             |       |     1 |       |       ||     1
 Fire: Hand crossbow     |    51 |    77 |   145 |   249 ||   522
Invok: Depart the Abyss  |     1 |       |       |       ||     1
       Bend Space        |       |       |       |     5 ||     5
       Banish            |       |       |       |     2 ||     2
  Use: Scroll            |     7 |       |    11 |     4 ||    22
       Potion            |       |       |       |     6 ||     6
Armor: Leather armour    |     1 |       |       |       ||     1
       Ring mail         |    20 |    26 |       |       ||    46
       Chain mail        |       |     8 |   166 |   510 ||   684
Dodge: Dodged            |    28 |    30 |    85 |   382 ||   525
Block: Kite shield       |       |     7 |   138 |   471 ||   616

Table legend: (Time is in decaauts)
 A = Elapsed time spent in this place.
 B = Non-inter-level travel time spent in this place.
 C = Inter-level travel time spent in this place.
 D = Time resting spent in this place.
 E = Time spent auto-exploring this place.
 F = Levels seen in this place.
 G = Mean time per level.
                   A        B        C        D        E       F      G
               +--------+--------+--------+--------+--------+-----+--------+
         Total |  14512 |  14247 |    265 |   1102 |  10008 |  17 |  853.6 |
       Dungeon |  14049 |  13784 |    265 |   1102 |   9849 |  13 | 1080.7 |
         Abyss |     85 |     85 |      0 |      0 |     53 |   3 |   28.3 |
       Ossuary |    377 |    377 |      0 |      0 |    106 |   1 |  377.0 |
               +--------+--------+--------+--------+--------+-----+--------+

Top non-repeatable levels by time:
     D:9: 1958 daAuts
    D:11: 1787 daAuts
    D:10: 1306 daAuts
     D:2: 1227 daAuts
     D:8: 1114 daAuts
     D:5: 1109 daAuts
    D:12: 1078 daAuts
     D:6: 1055 daAuts
     D:1: 841 daAuts
     D:7: 782 daAuts
     D:3: 739 daAuts
    D:13: 610 daAuts
     D:4: 437 daAuts
 Ossuary: 377 daAuts
 Abyss:1: 34 daAuts
